Map: Dynasty LE

Players

Ottoman - Winner!

  • Race: Terran Terran
  • Spawn Location: 7:00

VOD

Have the link to the VOD?

Description

Time

  • Played on: Nov. 13, 2024, 6:40 p.m.
  • Length: 12:31
Show
View Real Time Build Order
Export as new Build Order

Ottoman Terran - Winner!

Build Orders:  

Get SALT Encoding   

  12  0:08  SCV  
  13  0:32  Supply Depot  
  13  0:44  SCV  
  14  1:01  SCV  
  15  1:10  Refinery  
  15  1:18  SCV  
  16  1:22  Barracks  
  16  1:35  SCV  
  17  1:52  SCV  
  18  2:27  Orbital Command  
  18  2:41  Barracks Reactor  
  18  3:06  Supply Depot  
  18  3:36  Marine x2  
  20  3:41  Barracks  
  20  4:01  Marine x2  
  20  4:06  SCV  
  23  4:23  SCV  
  23  4:26  Marine x2  
  26  4:40  SCV  
  26  4:47  Factory  
  27  4:51  Marine x2  
  29  5:07  Barracks Tech Lab  
  29  5:45  SCV  
  29  5:51  Marauder  
  29  5:55  Refinery  
  31  6:19  Supply Depot  
  31  6:21  Supply Depot  
  31  6:25  Factory Reactor  
  31  6:26  Stimpack  
  31  6:33  Engineering Bay  
  31  6:49  SCV, Marine x2, Marauder  
  36  6:51  Supply Depot  
  36  6:53  Supply Depot  
  36  7:18  Marauder  
  38  7:41  Command Center  
  38  7:45  Starport  
  38  7:48  Marauder  
  40  8:04  Factory Tech Lab  
  40  8:35  Siege Tank  
  40  8:39  Medivac  
  45  8:53  SCV  
  46  9:10  SCV  
  46  9:16  Unknown  
  47  9:23  Refinery  
  47  9:26  Marine x2, Marauder  
  51  9:51  Marine  
  51  9:56  Marauder  
  51  9:59  SCV  
  55  10:15  SCV  
  56  10:55  Marine x2, Marauder  
  62  11:01  Siege Tank  
  63  11:19  Marine  
  63  11:24  Marauder  
  66  11:46  Siege Tank  
  69  11:54  Marauder  
Tags
 
Add a new tag
Caveats
  • Supply blocks, unpowered buildings, or Contaminate may cause inaccurate times.
  • Supply counts are checked every 10 seconds.